3AAA
AUGUSTA TIMBER HAWKS @ HIALEAH DODOS
06/03/2029
 
TOP OF THE 1ST
Augusta Timber Hawks batting - Pitching for Hialeah Dodos : RHP Jorge Ballesteros
Pitching: RHP Jorge Ballesteros
Batting: LHB José Pérez 0-0: Called Strike
0-1: Swinging Strike
0-2: SINGLE (Groundball, 6MD)
Batting: RHB Lytle Creek 0-0: Called Strike
0-1: Ball
1-1: Ball
2-1: Ball
3-1: Foul Ball, location: 2F
3-2: SINGLE (Flyball, 3D)
José Pérez to second
Runner from 2nd tries for 3rd, SAFE, no throw
Batting: LHB Juan Gabriel 0-0: Foul Ball, location: 2F
0-1: Ball
1-1: Ball
2-1: Ball
3-1: Called Strike
3-2: DOUBLE (Flyball, 8LXD)
José Pérez scores
Lytle Creek to third
Batting: LHB José Marín 0-0: Ball
1-0: Swinging Strike
1-1: Fly out, F6 (Popup, 6M)
Batting: RHB Scott Robertson 0-0: Ball
1-0: Fly out, F7 (Flyball, 78S)
Batting: RHB Kenny Fleming 0-0: Ball
1-0: Foul Ball, location: 2F
1-1: Foul Ball, location: 2F
1-2: Reached on error, E5 (Groundball, 56)
Lytle Creek scores
Juan Gabriel scores
Batting: RHB Armond Merlin 0-0: Ball
1-0: Called Strike
1-1: Ball
2-1: Ground out 5-3 (Groundball, 56S)
Top of the 1st over - 3 runs, 3 hits, 1 error, 1 left on base; Augusta 3 - Hialeah 0
BOTTOM OF THE 1ST
Hialeah Dodos batting - Pitching for Augusta Timber Hawks : RHP Won-u Yi
Pitching: RHP Won-u Yi
Batting: RHB Jorge Salgado 0-0: Swinging Strike
0-1: Fly out, F5 (Line Drive, 56)
Batting: SHB Luis Manuel Flores 0-0: Called Strike
0-1: Ball
1-1: SINGLE (Groundball, 6D)
Batting: LHB Raúl Aguirre 0-0: Ball
1-0: Swinging Strike
1-1: Swinging Strike
1-2: Ball
Luis Manuel Flores steals 2nd base
2-2: Strikes out swinging
Batting: LHB Errol Levick 0-0: Ball
1-0: Foul Ball, location: 2F
1-1: Ball
2-1: Ball
3-1: Foul Ball, location: 2F
3-2: Base on Balls
Batting: SHB Javier Gonzáles 0-0: Ball
1-0: Called Strike
1-1: Ball
2-1: Fly out, F8 (Flyball, 8RD)
Bottom of the 1st over - 0 runs, 1 hit, 0 errors, 2 left on base; Augusta 3 - Hialeah 0
TOP OF THE 2ND
Augusta Timber Hawks batting - Pitching for Hialeah Dodos : RHP Jorge Ballesteros
Batting: RHB Jorge López 0-0: Foul Ball, location: 2F
0-1: Called Strike
0-2: Ball
1-2: Strikes out swinging
Batting: LHB Dan O'Day 0-0: Fly out, F6 (Line Drive, 6M)
Batting: LHB José Pérez 0-0: Ball
1-0: Called Strike
1-1: Swinging Strike
1-2: Strikes out swinging
Top of the 2nd over - 0 runs, 0 hits, 0 errors, 0 left on base; Augusta 3 - Hialeah 0
BOTTOM OF THE 2ND
Hialeah Dodos batting - Pitching for Augusta Timber Hawks : RHP Won-u Yi
Batting: RHB Aurelio Álvarez 0-0: Ball
1-0: Called Strike
1-1: Fly out, F7 (Flyball, 7D)
Batting: RHB Reg Spiers 0-0: Ball
1-0: Ball
2-0: Called Strike
2-1: Ball
3-1: Base on Balls
Batting: RHB Owen Cannon 0-0: Ball
1-0: Called Strike
1-1: Ball
2-1: Ball
3-1: Base on Balls
Reg Spiers to second
Batting: RHB Jack Head 0-0: Ball
1-0: Ball
2-0: Ball
3-0: Called Strike
3-1: Foul Ball, location: 2F
3-2: Foul Ball, location: 2F
3-2: Base on Balls
Reg Spiers to third
Owen Cannon to second
Batting: RHB Jorge Salgado 0-0: Called Strike
0-1: Ball
1-1: Ball
2-1: Foul Ball, location: 2F
2-2: Ball
3-2: Strikes out swinging
Batting: SHB Luis Manuel Flores 0-0: Ball
1-0: Ball
2-0: Fly out, F7 (Flyball, 7)
Bottom of the 2nd over - 0 runs, 0 hits, 0 errors, 3 left on base; Augusta 3 - Hialeah 0
TOP OF THE 3RD
Augusta Timber Hawks batting - Pitching for Hialeah Dodos : RHP Jorge Ballesteros
Batting: RHB Lytle Creek 0-0: Called Strike
0-1: Ball
1-1: Foul Ball, location: 2F
1-2: Ball
2-2: Foul Ball, location: 2F
2-2: SINGLE (Groundball, 6MD)
Batting: LHB Juan Gabriel 0-0: Called Strike
0-1: Foul Ball, location: 2F
0-2: Fly out, F6 (Popup, P)
Batting: LHB José Marín 0-0: Swinging Strike
0-1: Ball
1-1: Foul Ball, location: 2F
1-2: Fielders Choice at 2nd, 6-4 (Groundball, 6M)
Batting: RHB Scott Robertson 0-0: Ball
1-0: Called Strike
1-1: Ball
2-1: Ball
3-1: DOUBLE (Line Drive, 9LM)
José Marín to third
Runner from 3rd tries for Home, SAFE, no throw
Batting: RHB Kenny Fleming 0-0: Foul Ball, location: 2F
0-1: Ball
1-1: Ground out 6-3 (Groundball, 6)
Top of the 3rd over - 1 run, 2 hits, 0 errors, 1 left on base; Augusta 4 - Hialeah 0
BOTTOM OF THE 3RD
Hialeah Dodos batting - Pitching for Augusta Timber Hawks : RHP Won-u Yi
Batting: LHB Raúl Aguirre 0-0: Ball
1-0: Ball
2-0: Ball
3-0: Called Strike
3-1: Swinging Strike
3-2: Foul Ball, location: 2F
3-2: Base on Balls
Batting: LHB Errol Levick 0-0: Called Strike
0-1: Foul Ball, location: 2F
0-2: Foul Ball, location: 2F
0-2: Foul Ball, location: 2F
0-2: Strikes out swinging
Batting: SHB Javier Gonzáles 0-0: Swinging Strike
0-1: Called Strike
Raúl Aguirre steals 2nd base
0-2: Strikes out swinging
Batting: RHB Aurelio Álvarez 0-0: Ground out 6-3 (Groundball, 6M)
Bottom of the 3rd over - 0 runs, 0 hits, 0 errors, 1 left on base; Augusta 4 - Hialeah 0
TOP OF THE 4TH
Augusta Timber Hawks batting - Pitching for Hialeah Dodos : RHP Jorge Ballesteros
Batting: RHB Armond Merlin 0-0: Called Strike
0-1: Called Strike
0-2: SINGLE (Flyball, 7LS)
Batting: RHB Jorge López 0-0: Ball
1-0: Ball
2-0: Grounds into double play, 6-4-3 (Groundball, 6)
Batting: LHB Dan O'Day 0-0: Called Strike
0-1: Called Strike
0-2: Strikes out swinging
Top of the 4th over - 0 runs, 1 hit, 0 errors, 0 left on base; Augusta 4 - Hialeah 0
BOTTOM OF THE 4TH
Hialeah Dodos batting - Pitching for Augusta Timber Hawks : RHP Won-u Yi
Batting: RHB Reg Spiers 0-0: Foul Ball, location: 2F
0-1: Ball
1-1: Foul Ball, location: 2F
1-2: Ball
2-2: Foul Ball, location: 2F
2-2: Ball
3-2: Foul Ball, location: 2F
3-2: Base on Balls
Batting: RHB Owen Cannon 0-0: Called Strike
0-1: Ball
1-1: Ball
2-1: Foul Ball, location: 2F
2-2: Ball
3-2: 2-RUN HOME RUN (Flyball, 7LD), Distance : 366 ft
Batting: RHB Jack Head 0-0: Ball
1-0: Ball
2-0: Ball
3-0: Called Strike
3-1: Called Strike
3-2: Base on Balls
Batting: RHB Jorge Salgado 0-0: Foul Ball, location: 2F
0-1: Ground out U3 (Groundball, 34)
Jack Head to second
Batting: SHB Luis Manuel Flores 0-0: Called Strike
0-1: Ball
1-1: Ground out 6-3 (Groundball, 6)
Jack Head to third
Pitching: RHP Jim Atkinson
Batting: LHB Raúl Aguirre 0-0: Foul Ball, location: 2F
0-1: Ball
1-1: Foul Ball, location: 2F
1-2: Foul Ball, location: 2F
1-2: SINGLE (Line Drive, 34D)
Jack Head scores
Batting: LHB Errol Levick 0-0: Ball
1-0: Ball
2-0: Called Strike
2-1: Ball
3-1: Swinging Strike
3-2: Strikes out swinging, 2-3 out at first.
Bottom of the 4th over - 3 runs, 2 hits, 0 errors, 1 left on base; Augusta 4 - Hialeah 3
TOP OF THE 5TH
Augusta Timber Hawks batting - Pitching for Hialeah Dodos : RHP Jorge Ballesteros
Batting: LHB José Pérez 0-0: Ground out U3 (Groundball, 3)
Batting: RHB Lytle Creek 0-0: Swinging Strike
0-1: Ball
1-1: Foul Ball, location: 2F
1-2: Foul Ball, location: 2F
1-2: Foul Ball, location: 2F
1-2: Ball
2-2: Foul Ball, location: 2F
2-2: SINGLE (Line Drive, 4MD)
Batting: LHB Juan Gabriel 0-0: Called Strike
0-1: Ball
1-1: Foul Ball, location: 2F
1-2: Ball
2-2: SINGLE (Groundball, 34D)
Lytle Creek to second
Runner from 2nd tries for 3rd, SAFE, no throw
Batting: LHB José Marín 0-0: Called Strike
0-1: Ball
1-1: Foul Ball, location: 2F
1-2: SINGLE (Groundball, 3D)
Lytle Creek scores
Juan Gabriel to second
Runner from 2nd tries for 3rd, SAFE, no throw
Batting: RHB Scott Robertson 0-0: Ball
José Marín steals 2nd base
1-0: Called Strike
1-1: Ball
Wild Pitch!
Juan Gabriel scores
José Marín to third
2-1: Foul Ball, location: 2F
2-2: Foul Ball, location: 2F
2-2: Ball
3-2: Fly out, F7 (Flyball, 7)
Runner from 3rd tags up, OUT at HOME
Top of the 5th over - 2 runs, 3 hits, 0 errors, 0 left on base; Augusta 6 - Hialeah 3
BOTTOM OF THE 5TH
Hialeah Dodos batting - Pitching for Augusta Timber Hawks : RHP Jim Atkinson
Batting: SHB Javier Gonzáles 0-0: Called Strike
0-1: Fly out, F7 (Flyball, 7LMF)
Batting: RHB Aurelio Álvarez 0-0: Fly out, F8 (Flyball, 89D)
Batting: RHB Reg Spiers 0-0: Ground out 4-3 (Groundball, 34)
Bottom of the 5th over - 0 runs, 0 hits, 0 errors, 0 left on base; Augusta 6 - Hialeah 3
TOP OF THE 6TH
Augusta Timber Hawks batting - Pitching for Hialeah Dodos : RHP Jorge Ballesteros
Pitching: RHP Roberto Gómez
Batting: RHB Kenny Fleming 0-0: Ball
1-0: Foul Ball, location: 2F
1-1: Swinging Strike
1-2: Strikes out swinging
Batting: RHB Armond Merlin 0-0: Foul Ball, location: 2F
0-1: Swinging Strike
0-2: Foul Ball, location: 2F
0-2: Strikes out swinging
Batting: RHB Jorge López 0-0: Called Strike
0-1: Called Strike
0-2: Ground out 6-3 (Groundball, 6)
Top of the 6th over - 0 runs, 0 hits, 0 errors, 0 left on base; Augusta 6 - Hialeah 3
BOTTOM OF THE 6TH
Hialeah Dodos batting - Pitching for Augusta Timber Hawks : RHP Jim Atkinson
Pitching: LHP António Bruno
Batting: RHB Owen Cannon 0-0: Fly out, F9 (Flyball, 9LS)
Batting: RHB Jack Head 0-0: Foul Ball, location: 2F
0-1: Ball
1-1: Ball
2-1: Ball
3-1: Fly out, F7 (Flyball, 78M)
Batting: RHB Jorge Salgado 0-0: Ball
1-0: Called Strike
1-1: Fly out, F8 (Flyball, 8RD)
Bottom of the 6th over - 0 runs, 0 hits, 0 errors, 0 left on base; Augusta 6 - Hialeah 3
TOP OF THE 7TH
Augusta Timber Hawks batting - Pitching for Hialeah Dodos : RHP Roberto Gómez
Batting: LHB Dan O'Day 0-0: Ball
1-0: Ball
2-0: Foul Ball, location: 2F
2-1: Foul Ball, location: 2F
2-2: Foul Ball, location: 2F
2-2: Foul Ball, location: 2F
2-2: DOUBLE (Line Drive, 78XD)
Batting: LHB José Pérez 0-0: Foul Ball, location: 2F
0-1: Foul Ball, location: 2F
0-2: Strikes out looking
Batting: RHB Lytle Creek 0-0: Called Strike
0-1: Called Strike
Dan O'Day steals 3rd base
0-2: Fly out, F7 (Flyball, 7D)
Runner from 3rd tags up, SCORES, no throw
Batting: LHB Juan Gabriel 0-0: Foul Ball, location: 2F
0-1: Ball
1-1: Ball
2-1: Foul Ball, location: 2F
2-2: SINGLE (Groundball, 34) (infield hit)
Batting: LHB José Marín 0-0: SINGLE (Groundball, 56D)
Juan Gabriel to second
Batting: RHB Scott Robertson 0-0: Swinging Strike
0-1: Swinging Strike
0-2: Ball
1-2: Ball
2-2: Ball
3-2: DOUBLE (Line Drive, 7D)
Juan Gabriel scores
José Marín to third
José Marín scores
Batting: RHB Kenny Fleming 0-0: Fly out, F9 (Flyball, 9S)
Top of the 7th over - 3 runs, 4 hits, 0 errors, 1 left on base; Augusta 9 - Hialeah 3
BOTTOM OF THE 7TH
Hialeah Dodos batting - Pitching for Augusta Timber Hawks : LHP António Bruno
Batting: SHB Luis Manuel Flores 0-0: Ball
1-0: Ball
2-0: Ball
3-0: Base on Balls
Batting: LHB Raúl Aguirre 0-0: Grounds into double play, 6-4-3 (Groundball, 6)
Batting: LHB Errol Levick 0-0: Ball
1-0: Foul Ball, location: 2F
1-1: Swinging Strike
1-2: Ball
2-2: Ball
3-2: Strikes out swinging
Bottom of the 7th over - 0 runs, 0 hits, 0 errors, 0 left on base; Augusta 9 - Hialeah 3
TOP OF THE 8TH
Augusta Timber Hawks batting - Pitching for Hialeah Dodos : RHP Roberto Gómez
Batting: RHB Armond Merlin 0-0: Ball
1-0: Foul Ball, location: 2F
1-1: Called Strike
1-2: Foul Ball, location: 2F
1-2: Foul Ball, location: 2F
1-2: Ball
2-2: Ball
3-2: Base on Balls
Batting: RHB Jorge López 0-0: Ball
1-0: Foul Ball, location: 2F
1-1: Ball
2-1: Called Strike
Armond Merlin is caught stealing 2nd base
2-2: Foul Ball, location: 2F
2-2: Foul Ball, location: 2F
2-2: Foul Ball, location: 2F
2-2: Foul Ball, location: 2F
2-2: Foul Ball, location: 2F
2-2: Ball
3-2: DOUBLE (Line Drive, 89D)
Pitching: RHP Artie Chávez
Batting: LHB Dan O'Day 0-0: Fly out, F3 (Popup, 23F)
Batting: LHB José Pérez 0-0: Called Strike
0-1: Ball
1-1: Fly out, F9 (Flyball, 9)
Top of the 8th over - 0 runs, 1 hit, 0 errors, 1 left on base; Augusta 9 - Hialeah 3
BOTTOM OF THE 8TH
Hialeah Dodos batting - Pitching for Augusta Timber Hawks : LHP António Bruno
Now at 1B: Pedro Jiménez
Batting: SHB Javier Gonzáles 0-0: Ball
1-0: Foul Ball, location: 2F
1-1: Swinging Strike
1-2: Foul Ball, location: 2F
1-2: Foul Ball, location: 2F
1-2: SINGLE (Line Drive, 9LS)
Batting: RHB Aurelio Álvarez 0-0: Foul Ball, location: 2F
0-1: Ball
1-1: Swinging Strike
1-2: Fly out, F4 (Line Drive, 4)
Batting: RHB Reg Spiers 0-0: Ball
1-0: SINGLE (Groundball, 56D)
Javier Gonzáles to second
Batting: RHB Owen Cannon 0-0: Ball
1-0: Ball
2-0: Called Strike
2-1: Foul Ball, location: 2F
2-2: Ball
3-2: Strikes out swinging
Batting: RHB Jack Head 0-0: Ball
1-0: Called Strike
1-1: Ball
2-1: Ball
3-1: Called Strike
3-2: Ground out 6-3 (Groundball, 6)
Bottom of the 8th over - 0 runs, 2 hits, 0 errors, 2 left on base; Augusta 9 - Hialeah 3
TOP OF THE 9TH
Augusta Timber Hawks batting - Pitching for Hialeah Dodos : RHP Artie Chávez
Batting: RHB Lytle Creek 0-0: Ball
1-0: Called Strike
1-1: Ball
2-1: Ball
3-1: Base on Balls
Batting: LHB Juan Gabriel 0-0: Ball
1-0: Foul Ball, location: 2F
1-1: Ball
2-1: Ball
3-1: Base on Balls
Lytle Creek to second
Batting: LHB José Marín 0-0: Foul Ball, location: 2F
0-1: Called Strike
0-2: Ball
1-2: Grounds out, U3 (Groundball, 3L)
Lytle Creek to third
Batting: RHB Scott Robertson 0-0: DOUBLE (Line Drive, 78D)
Lytle Creek scores
Juan Gabriel scores
Batting: RHB Kenny Fleming 0-0: Ball
1-0: Swinging Strike
1-1: Ball
2-1: Foul Ball, location: 2F
2-2: Foul Ball, location: 2F
2-2: Foul Ball, location: 2F
2-2: Ball
3-2: Strikes out swinging
Batting: RHB Armond Merlin 0-0: Ball
1-0: Foul Ball, location: 2F
1-1: Swinging Strike
1-2: Foul Ball, location: 2F
1-2: Ball
2-2: Strikes out looking
Top of the 9th over - 2 runs, 1 hit, 0 errors, 1 left on base; Augusta 11 - Hialeah 3
BOTTOM OF THE 9TH
Hialeah Dodos batting - Pitching for Augusta Timber Hawks : LHP António Bruno
Now in RF: Adrián Zamudio
Batting: RHB Jorge Salgado 0-0: Called Strike
0-1: Ball
1-1: Fly out, F8 (Flyball, 8RS)
Batting: SHB Luis Manuel Flores 0-0: Ball
1-0: SINGLE (Flyball, 78S)
Batting: LHB Raúl Aguirre 0-0: Foul Ball, location: 2F
0-1: Fielders Choice at 2nd, 4-6 (Groundball, 4)
Batting: LHB Errol Levick 0-0: Ball
1-0: Ground out 4-3 (Groundball, 4)
Bottom of the 9th over - 0 runs, 1 hit, 0 errors, 1 left on base; Augusta 11 - Hialeah 3
Tuesday, December 19th, 2017 - OOTP Baseball 18.8 Build 76